 Dungeon Crawl Stone Soup version 0.19-a0-1072-g3763c35 (webtiles) character file.

137 Jmtri7 the Chopper (level 5, 40/45 HPs)
             Began as a Minotaur Berserker on Aug 5, 2016.
             Was a Believer of Trog.
             Quit the game on level 3 of the Dungeon.
             The game lasted 00:04:23 (1570 turns).

Jmtri7 the Chopper (Minotaur Berserker)             Turns: 1570, Time: 00:04:24

Health: 40/45      AC:  7    Str: 23    XL:     5   Next: 0%
Magic:  4/4        EV: 10    Int:  4    God:    Trog [**....]
Gold:   74         SH:  0    Dex:  9    Spells: 0 memorised, 4 levels left

rFire  . . .     SeeInvis .     v - -1 war axe (curse)
rCold  . . .     Gourm    .     j - +0 scale mail
rNeg   . . .     Faith    .     (no shield)
rPois  .         Spirit   .     (helmet restricted)
rElec  .         Dismiss  .     (no cloak)
rCorr  .         Reflect  .     e - +0 pair of gloves
SustAt .         Harm     .     (no boots)
MR     .....                    (no amulet)
Stlth  ..........               (no ring)
                                (no ring)

@: drained
A: retaliatory headbutt, horns 2
a: Berserk, Trog's Hand, Burn Spellbooks, Renounce Religion


You were on level 3 of the Dungeon.
You worshipped Trog.
Trog was pleased with you.
You were not hungry.

You visited 1 branch of the dungeon, and saw 3 of its levels.

You collected 74 gold pieces.

Inventory:

Hand Weapons
 v - a cursed -1 war axe (weapon)
Armour
 e - a +0 pair of gloves (worn)
 j - a +0 scale mail (worn)
Jewellery
 y - a cursed ring of loudness {unknown}
Scrolls
 b - 2 scrolls of remove curse {unknown}
 h - a scroll of random uselessness {unknown}
 i - 4 scrolls of identify {unknown}
 m - a scroll of noise {unknown}
 n - a scroll of amnesia {unknown}
 o - a scroll of fog {unknown}
 u - 2 scrolls of enchant weapon {unknown}
 w - a scroll of teleportation {unknown}
Potions
 a - a potion of invisibility {unknown}
 k - a potion of magic {unknown}
 l - a potion of brilliance {unknown}
 p - a potion of lignification {unknown}
 r - a potion of might {unknown}
 s - a potion of agility {unknown}
 t - a potion of curing {unknown}
 x - a potion of mutation {unknown}
Comestibles
 c - 2 bread rations
 d - a beef jerky
 f - 6 chunks of flesh
 g - 8 fruits
 q - 3 royal jellies


   Skills:
 - Level 3.6(2.9) Fighting
 + Level 6.9(6.1) Axes
 - Level 2.4(1.7) Armour
 - Level 2.1(1.5) Dodging


You had 4 spell levels left.
You didn't know any spells.

Dungeon Overview and Level Annotations

Branches:
Dungeon (3/15)

Altars:


Innate Abilities, Weirdness & Mutations

You reflexively headbutt those who attack you in melee.
You have a pair of horns on your head.


Message History

You kill the kobold!
Trog accepts your kill.
You have reached level 5!
The rat twitches its whiskers.
The rat bites you but does no damage.
Things that are here:
a dagger; a stone The rat barely misses you.
You closely miss the rat. The rat bites you but does no damage.
The rat bites you.
You barely miss the rat. Your headbutt misses the rat. The rat bites you.
You hit the rat. You headbutt the rat.
You kill the rat!
Trog accepts your kill.
You see here a rat corpse.
You butcher the rat corpse.
f - 6 chunks of flesh (gained 1)
You see here a rat skeleton.
There isn't anything to butcher here.
Are you sure you want to abandon this character and quit the game? (Confirm with "yes".)

#.(# ####.#.## #.(#
#........ #..#
#.###..## #..# #.#
#.... #..# #.#
#..## #.(#
#.###..## #..#
#.....>..
#.)################
#.@.......
#.######## #.# #.#
#.# ..# ###


There were no monsters in sight!

Vanquished Creatures
  An orc priest (D:3)
  An orc wizard (D:3)
  An adder (D:3)
  An ooze (D:1)
  A worm (D:3)
  4 giant geckos
  10 orcs (D:3)
  3 giant cockroaches
  6 goblins
  7 hobgoblins
  A quokka (D:3)
  5 bats
  A giant newt (D:1)
  2 kobolds
  6 rats
50 creatures vanquished.

Notes
Turn   | Place    | Note
-------+----------+-------------------------------------------
     0 | D:1      | Jmtri7 the Minotaur Berserker began the quest for the Orb.
     0 | D:1      | Reached XP level 1. HP: 19/19 MP: 0/0
    84 | D:1      | Reached skill level 4 in Axes
   141 | D:1      | Reached XP level 2. HP: 26/26 MP: 1/1
   429 | D:1      | Reached skill level 5 in Axes
   476 | D:1      | Reached XP level 3. HP: 31/31 MP: 2/2
   688 | D:2      | Reached ** piety under Trog
   964 | D:3      | Reached XP level 4. HP: 39/39 MP: 3/3
   969 | D:3      | Reached skill level 6 in Axes
  1561 | D:3      | Reached XP level 5. HP: 40/45 MP: 4/4
  1570 | D:3      | Quit the game

Vault maps used:
D:1:      evilmike_arrival_crescent

Skill      XL: |  1  2  3  4 |
---------------+-------------+-----
Axes           | 4 5 6 |  6.9
Fighting       | |  3.6
Armour         | |  2.4
Dodging        | |  2.1

Action                   |  1- 3 |  4- 6 || total
-------------------------+-------+-------++-------
Melee: Hand axe          |    61 |     5 ||    66
       Headbutt          |     5 |     8 ||    13
       War axe           |       |    39 ||    39
  Eat: Chunk             |       |     2 ||     2
Armor: Scale mail        |    25 |    17 ||    42
Dodge: Dodged            |    36 |    18 ||    54
